 Dungeon Crawl Stone Soup version 0.28-a0-804-g60983d4ba9 (webtiles) character file.

Game seed: 865241835768208801

46 cheechan the Bolt Thrower (level 3, -3/25 HPs)
             Began as an Octopode Hunter on Nov 7, 2021.
             Slain by a hobgoblin (5 damage)
             ... led by Robin
             ... on level 2 of the Dungeon.
             The game lasted 00:04:10 (809 turns).

cheechan the Bolt Thrower (Octopode Hunter)          Turns: 809, Time: 00:04:11

Health: -3/25      AC:  1    Str: 11    XL:     3   Next: 68%
Magic:  3/3        EV: 13    Int: 13    God:
Gold:   94         SH:  0    Dex: 13    Spells: 2/2 levels left

rFire   . . .      SeeInvis .   b - +0 short sword
rCold   . . .      Faith    .   (no shield)
rNeg    . . .      Spirit   .   (helmet restricted)
rPois   .          Reflect  .   (no amulet)
rElec   .          Harm     .   (no ring)
rCorr   .          Rampage  .   (no ring)
Will    .....                   (no ring)
Stlth   +++.......              (no ring)
HPRegen 0.08/turn               (no ring)
MPRegen 0.08/turn               (no ring)
                                (no ring)
                                (no ring)

@: mighty
A: almost no armour, amphibious, 8 rings, camouflage 1, gelatinous body 1,
(nimble swimmer 1), tentacles
a: no special abilities


You were on level 2 of the Dungeon.
You visited 1 branch of the dungeon, and saw 2 of its levels.

You collected 94 gold pieces.

Inventory:

Hand Weapons
 a - a +1 hand crossbow
 b - a +0 short sword (weapon)
 f - a +0 hunting sling
Missiles
 c - 6 bolts
 e - 21 sling bullets
 h - 39 arrows
Scrolls
 g - a scroll of identify
 i - a scroll of fear {unknown}
Potions
 d - a potion of magic


   Skills:
 + Level 2.4 Fighting
 + Level 4.8 Crossbows
 + Level 2.0 Dodging
 + Level 2.1 Stealth


You had 2 spell levels left.
You didn't know any spells.
Your spell library was empty.

Dungeon Overview and Level Annotations

Branches:
Dungeon (2/15)

Altars:

Shops:
D:1 *(

Annotations:
D:2 Robin


Innate Abilities, Weirdness & Mutations

You cannot wear most types of armour.
You are amphibious.
You can wear up to eight rings at the same time.
Your skin changes colour to match your surroundings (Stealth+).
Your rubbery body absorbs attacks. (AC +1, EV +1)
((You are camouflaged near water. (Stealth+)))
You have tentacles for arms and can constrict up to eight enemies at once.


Message History

You shoot a bolt.
Robin shouts!
The hobgoblin shouts!
The bolt hits the hobgoblin!
You kill the hobgoblin!
You hear a shout!
Robin roars a battlecry!
The goblins go into a battle-frenzy!
Fire: 7 bolts
Press: ? - help, Q - select action Shift-Dir - straight line, f - goblin
Aim: a goblin, wielding a +0 club (strong, 59% to hit)
You shoot a bolt. The bolt hits the goblin!
You kill the goblin!
Robin throws the goblin at you! The goblin closely misses you.
b - a +0 short sword (weapon)
The goblin misses you.
A goblin comes into view. It is wielding a +0 dagger.
You hit the goblin. Your grab misses the goblin. You squeeze the goblin.
You kill the goblin!
Things that are here:
a +0 club; a goblin corpse Robin throws the goblin at you!
You completely miss the goblin. Your grab misses the goblin.
The goblin barely misses you. The hobgoblin misses you.
You hit the goblin.
You kill the goblin!
Robin throws the goblin at you! The goblin hits you with a +0 club.
You hit the hobgoblin but do no damage. You grab the hobgoblin.
You constrict the hobgoblin. The goblin barely misses you.
The hobgoblin barely misses you.
You completely miss the hobgoblin.
You squeeze the hobgoblin, but do no damage.
The hobgoblin is moderately wounded.
You constrict the hobgoblin. The goblin hits you with a +0 club.
* * * LOW HITPOINT WARNING * * *
The hobgoblin closely misses you. x2
It was a potion of might.
You feel very mighty all of a sudden.
You constrict the hobgoblin. The hobgoblin hits you.
You die...

#.#.....# #.#.#.....#
#.#.#.#'###
#.#.###.####
#.#........#
#.#..#...#.#
#.#..#...#.####.
.#>###.#..#g..#......
....(..gg.g@)........
.#(###.#..##g........
g(.#..##....#####
##########...#
..........#
######....#
#....######
#.........#
#.........#


You could see Robin, 3 hobgoblins and a goblin (strong).

Vanquished Creatures
  A worm (D:2)
  5 ball pythons
  A bat (D:1)
  An endoplasm (D:1)
  8 goblins
  7 hobgoblins
  6 jackals (D:1)
  2 kobolds (D:1)
  A frilled lizard (D:2)
  4 rats
36 creatures vanquished.

Notes
Turn   | Place    | Note
-------+----------+-------------------------------------------
     0 | D:1      | cheechan the Octopode Hunter began the quest for the Orb.
     0 | D:1      | Reached XP level 1. HP: 14/14 MP: 1/1
    14 | D:1      | Found Iheu's General Store.
   157 | D:1      | Reached XP level 2. HP: 19/19 MP: 2/2
   192 | D:1      | Found Ahoh's Antique Weapon Emporium.
   432 | D:1      | Reached XP level 3. HP: 24/24 MP: 3/3
   796 | D:2      | Noticed Robin
   809 | D:2      | Slain by a hobgoblin

Illustrated notes

Levels and vault maps discovered:
D:1:      amcnicky_arrival_underground_garden, layout_loops_ring, serial_shops,
          shop, nicolae_shop_waterfront, minmay_split_cup_small
D:2:      layout_basic, uniq_robin

Skill      XL: |  1  2 |
---------------+-------+-----
Stealth        | 2 |  2.1
Fighting       | |  2.4
Crossbows      | |  4.8
Dodging        | |  2.0

Action                   || total
-------------------------++-------
Melee: Hand crossbow     ||    18
       Constrict         ||     8
       Tentacles         ||     5
       Short sword       ||     5
 Fire: Hand crossbow     ||    54
  Use: Scroll            ||     1
       Potion            ||     1
 Stab: Sleeping          ||     1
Armor: Skin              ||     5
Dodge: Dodged            ||    40

Table legend: (Time is in decaauts)
 A = Elapsed time spent in this place.
 B = Non-inter-level travel time spent in this place.
 C = Inter-level travel time spent in this place.
 D = Time resting spent in this place.
 E = Time spent auto-exploring this place.
 F = Levels seen in this place.
 G = Mean time per level.
                   A        B        C        D        E       F      G
               +--------+--------+--------+--------+--------+-----+--------+
         Total |    832 |    832 |      0 |      0 |      0 |   2 |  416.0 |
       Dungeon |    832 |    832 |      0 |      0 |      0 |   2 |  416.0 |
               +--------+--------+--------+--------+--------+-----+--------+

Top non-repeatable levels by time:
     D:1: 707 daAuts
     D:2: 125 daAuts
